[Event "ICC tourney 2182 (40 10)"]
[Site "Internet Chess Club"]
[Date "2020.12.06"]
[Round "2"]
[White "Natey"]
[Black "jy2020"]
[Result "0-1"]
[ICCResult "White checkmated"]
[WhiteElo "1745"]
[BlackElo "2227"]
[Opening "Sicilian: Najdorf"]
[ECO "B90"]
[NIC "SI.14"]
[Time "13:16:34"]
[PlyCount "76"]
[TimeControl "2400+10"]


1. e4 c5 2. Nf3 d6 3. d4 cxd4 4. Nxd4 Nf6 5. Nc3 a6 6. f3 e5 7. Nb3 Be6 8.
Be3 h5 9. Qd2 Nbd7 10. O-O-O Rc8 11. Kb1 Be7 12. h4 b5 13. Nd5 Nxd5 14.
exd5 Bf5 15. Bd3 Bxd3 16. Qxd3 Bxh4 17. Qe4 Be7 18. g4 h4 19. Rdg1 Rc4 20.
Qd3 Bg5 21. Nd2 Bxe3 22. Nxc4 Bxg1 23. Nxd6+ Kf8 24. Rxg1 Qb6 25. Rh1 Qxd6
26. Qc3 Qc5 27. Qa5 Ke7 28. Qd2 f6 29. g5 Qd4 30. Qg2 f5 31. Qh3 g6 32. f4
e4 33. Qa3+ Kf7 34. Qxa6 Qxd5 35. Kc1 Ra8 36. Qxa8 Qxa8 37. Rxh4 e3 38. Rh1
Qxh1# { White checkmated } 0-1

[Event "ICC tourney 2182 (40 10)"]
[Site "Internet Chess Club"]
[Date "2020.12.06"]
[Round "2"]
[White "ToughTurtle"]
[Black "varsat"]
[Result "0-1"]
[ICCResult "White checkmated"]
[WhiteElo "1476"]
[BlackElo "1857"]
[Opening "Four knights: Spanish variation"]
[ECO "C48"]
[NIC "KP.03"]
[Time "13:17:28"]
[PlyCount "62"]
[TimeControl "2400+10"]


1. e4 e5 2. Nf3 Nc6 3. Nc3 Nf6 4. Bb5 d6 5. d4 exd4 6. Nxd4 Bd7 7. Nxc6
bxc6 8. Bc4 Be7 9. O-O O-O 10. Bf4 Be6 11. Bd3 d5 12. exd5 cxd5 13. Nb5 c5
14. Nc7 Rc8 15. Nxe6 fxe6 16. Re1 c4 17. Be2 Ne4 18. Bg3 Bc5 19. Bf3 Nxg3
20. hxg3 Qd6 21. g4 Rcd8 22. Qe2 Rde8 23. Rad1 Qf4 24. Qd2 Qg3 25. Qe2 Qh4
26. g3 Qxg3+ 27. Kf1 Rxf3 28. Qxf3 Qxf3 29. Rd2 Rf8 30. Rxe6 Qh1+ 31. Ke2
Rxf2# { White checkmated } 0-1

[Event "ICC tourney 2182 (40 10)"]
[Site "Internet Chess Club"]
[Date "2020.12.06"]
[Round "2"]
[White "AJ2000"]
[Black "andrewjiang2"]
[Result "0-1"]
[ICCResult "White resigns"]
[WhiteElo "1673"]
[BlackElo "1930"]
[Opening "Ruy Lopez: closed, 9.d4"]
[ECO "C91"]
[NIC "RL.20"]
[Time "13:16:46"]
[PlyCount "70"]
[TimeControl "2400+10"]


1. e4 e5 2. Nf3 Nc6 3. Bb5 a6 4. Ba4 Nf6 5. O-O b5 6. Bb3 Be7 7. Re1 O-O 8.
c3 d6 9. d4 Bb7 10. Nbd2 Re8 11. Bc2 Bf8 12. Nf1 g6 13. Ng3 Bg7 14. a4 Qd7
15. Bd3 exd4 16. cxd4 Nb4 17. axb5 axb5 18. Rxa8 Rxa8 19. d5 Ra1 20. Bf1
Ng4 21. Qb3 Ra4 22. Bd2 c5 23. dxc6 Nxc6 24. Bxb5 Ra7 25. Bxc6 Bxc6 26.
Qb8+ Bf8 27. h3 Nf6 28. Nd4 Ra8 29. Qb6 Bb7 30. Bg5 Bg7 31. Nb5 Ra6 32. Qc7
Qxb5 33. Qd8+ Ne8 34. Rc1 Ra8 35. Qe7 Bf8 { White resigns } 0-1

[Event "ICC tourney 2182 (40 10)"]
[Site "Internet Chess Club"]
[Date "2020.12.06"]
[Round "2"]
[White "pianoboy"]
[Black "che8642"]
[Result "1-0"]
[ICCResult "Black checkmated"]
[WhiteElo "1854"]
[BlackElo "1532"]
[Opening "QGD Slav defense: exchange variation"]
[ECO "D10"]
[NIC "SL.01"]
[Time "13:16:44"]
[PlyCount "155"]
[TimeControl "2400+10"]


1. d4 d5 2. c4 c6 3. cxd5 cxd5 4. Nc3 Nc6 5. Bf4 Bf5 6. e3 e6 7. Bd3 Bxd3
8. Qxd3 Nf6 9. Nge2 Bd6 10. O-O O-O 11. f3 Rc8 12. Bg3 Bxg3 13. Nxg3 Qd7
14. Rad1 Rfd8 15. f4 Rc7 16. Qe2 Qe7 17. Nh5 Na5 18. Nxf6+ Qxf6 19. Rf3 Nc4
20. Rdf1 Nd6 21. g4 Rdc8 22. f5 Ne4 23. Nxe4 dxe4 24. R3f2 Rc2 25. Qxc2
Rxc2 26. Rxc2 h6 27. Rcf2 exf5 28. Rxf5 Qe6 29. d5 Qd7 30. h3 g6 31. Rxf7
Qxf7 32. Rxf7 Kxf7 33. g5 h5 34. Kf2 Ke7 35. Kg3 Kd6 36. Kf4 Kxd5 37. b3 a6
38. a3 b6 39. h4 a5 40. a4 b5 41. axb5 Kc5 42. Kxe4 Kxb5 43. Kd3 Kb4 44.
Kc2 Kc5 45. Kc3 Kd5 46. Kd3 Kc5 47. e4 Kb4 48. e5 Kxb3 49. e6 a4 50. e7 a3
51. e8=Q a2 52. Qf7+ Kb2 53. Qxa2+ Kxa2 54. Ke4 Kb3 55. Ke5 Kc4 56. Kf6 Kd4
57. Kxg6 Ke4 58. Kxh5 Kf5 59. Kh6 Ke6 60. g6 Kf6 61. g7 Kf7 62. Kh7 Kf6 63.
g8=Q Kf5 64. Qg7 Kf4 65. Qg5+ Kf3 66. Kg6 Ke4 67. Kf6 Kd4 68. Ke6 Kc4 69.
Qd5+ Kb4 70. Qc6 Kb3 71. Qc5 Kb2 72. h5 Kb3 73. h6 Kb2 74. Qc4 Ka1 75. h7
Kb2 76. h8=Q+ Kb1 77. Qh1+ Kb2 78. Qhc1# { Black checkmated } 1-0

[Event "ICC tourney 2182 (40 10)"]
[Site "Internet Chess Club"]
[Date "2020.12.06"]
[Round "2"]
[White "KRASAVCHIK"]
[Black "JoelFagliano"]
[Result "1-0"]
[ICCResult "Black resigns"]
[WhiteElo "2648"]
[BlackElo "2035"]
[Opening "French: Rubinstein variation"]
[ECO "C03"]
[NIC "FR.07"]
[Time "13:17:07"]
[PlyCount "93"]
[TimeControl "2400+10"]


1. e4 e6 2. d4 d5 3. Nd2 dxe4 4. Nxe4 Nd7 5. g3 Ngf6 6. Nxf6+ Nxf6 7. Bg2
c5 8. Nf3 cxd4 9. Qxd4 Qxd4 10. Nxd4 Bc5 11. Nb3 Bb6 12. a4 e5 13. a5 Bc7
14. Be3 a6 15. Bc5 e4 16. O-O Bd7 17. Rfe1 O-O-O 18. Be7 Rde8 19. Bxf6 gxf6
20. Bxe4 f5 21. Bd5 Be6 22. Rad1 Bxd5 23. Rxe8+ Rxe8 24. Rxd5 Re5 25. Rxe5
Bxe5 26. c3 Kc7 27. f4 Bf6 28. Kf2 Kc6 29. Ke3 Kb5 30. Kd3 Bd8 31. Nd4+
Kxa5 32. Nxf5 Ka4 33. Nd6 Kb3 34. Nxb7 Be7 35. c4 Kb4 36. Kd4 a5 37. Kd5 a4
38. c5 Kb3 39. c6 Kxb2 40. c7 a3 41. c8=Q a2 42. Qh8+ f6 43. Qxh7 Bb4 44.
Qe4 Bc3 45. Qe2+ Kb1 46. Qd1+ Kb2 47. Kc4 { Black resigns } 1-0

[Event "ICC tourney 2182 (40 10)"]
[Site "Internet Chess Club"]
[Date "2020.12.06"]
[Round "2"]
[White "Joshua1"]
[Black "eigenator"]
[Result "0-1"]
[ICCResult "White resigns"]
[WhiteElo "1862"]
[BlackElo "2376"]
[Opening "Nimzo-Indian: Kmoch variation"]
[ECO "E20"]
[NIC "NI.30"]
[Time "13:17:28"]
[PlyCount "58"]
[TimeControl "2400+10"]


1. d4 Nf6 2. c4 e6 3. Nc3 Bb4 4. f3 c5 5. d5 O-O 6. e4 b5 7. Be3 bxc4 8.
Bxc4 Ba6 9. Bxa6 Nxa6 10. d6 c4 11. a3 Bc5 12. Qd2 Qb6 13. Bxc5 Nxc5 14.
Rb1 Nd3+ 15. Kf1 Qxd6 16. Nh3 Rab8 17. g3 Qc6 18. Kg2 d5 19. exd5 exd5 20.
Nf4 d4 21. Nce2 Nxf4+ 22. Nxf4 Rfd8 23. Rhc1 Rb3 24. Qd1 Re3 25. Rc3 Ng4
26. Rbc1 Rxc3 27. Rxc3 Qb6 28. Nd5 dxc3 29. fxg4 Qc6 { White resigns } 0-1

[Event "ICC tourney 2182 (40 10)"]
[Site "Internet Chess Club"]
[Date "2020.12.06"]
[Round "2"]
[White "Chesssaga"]
[Black "Openyagami"]
[Result "0-1"]
[ICCResult "White resigns"]
[WhiteElo "2004"]
[BlackElo "2604"]
[Opening "Sicilian: Nimzovich-Rossolimo attack (with ...g6, without ...d6)"]
[ECO "B31"]
[NIC "SI.31"]
[Time "13:16:43"]
[PlyCount "94"]
[TimeControl "2400+10"]


1. e4 c5 2. Nf3 Nc6 3. Bb5 g6 4. Bxc6 dxc6 5. d3 Bg7 6. Nc3 Nh6 7. O-O b6
8. Bf4 f6 9. e5 O-O 10. exf6 exf6 11. h3 Nf5 12. Ne4 Be6 13. c3 Qd7 14. Qc2
Rad8 15. Rad1 Bd5 16. Rfe1 g5 17. Bh2 h5 18. Nfd2 Nh4 19. Bg3 Nf5 20. Nc4
Nxg3 21. Nxg3 h4 22. Ne4 Qf7 23. b3 Qg6 24. f3 f5 25. Nf2 Rfe8 26. Rxe8+
Rxe8 27. Qd2 Qf6 28. d4 cxd4 29. cxd4 Rd8 30. Qe3 Bxc4 31. bxc4 Rxd4 32.
Rxd4 Qxd4 33. Qxg5 Qf6 34. Qxf6 Bxf6 35. Nd3 Kf7 36. Nb4 Ke6 37. Kf2 a5 38.
Nc2 b5 39. cxb5 cxb5 40. Ke3 b4 41. Kd3 Ke5 42. Nd4 a4 43. Ne2 Kd5 44. Nf4+
Kc5 45. Ne6+ Kd6 46. Nf4 b3 47. axb3 a3 { White resigns } 0-1

[Event "ICC tourney 2182 (40 10)"]
[Site "Internet Chess Club"]
[Date "2020.12.06"]
[Round "2"]
[White "IshanVannadil"]
[Black "largecrab"]
[Result "1/2-1/2"]
[ICCResult "Game drawn by mutual agreement"]
[WhiteElo "1850"]
[BlackElo "2158"]
[Opening "Sicilian: Nimzovich-Rossolimo attack (with ...g6, without ...d6)"]
[ECO "B31"]
[NIC "SI.31"]
[Time "13:16:47"]
[PlyCount "116"]
[TimeControl "2400+10"]


1. e4 c5 2. Nf3 Nc6 3. Bb5 g6 4. O-O Bg7 5. d3 d6 6. Bxc6+ bxc6 7. Re1 e5
8. Nbd2 Ne7 9. a3 O-O 10. b4 cxb4 11. axb4 Be6 12. Ng5 Bd7 13. h4 h6 14.
Ngf3 Bg4 15. Bb2 f5 16. c4 fxe4 17. Rxe4 h5 18. Qb3 Nf5 19. c5+ d5 20. Nxe5
Bxe5 21. Bxe5 Qxh4 22. Nf3 Qd8 23. Rf4 Bxf3 24. Rxf3 Qg5 25. d4 Nh4 26. Rg3
Qd2 27. Rf1 Rf7 28. b5 Rb7 29. Rd1 Qe2 30. b6 axb6 31. cxb6 Kh7 32. Re3 Qg4
33. Rg3 Qe2 34. Rf1 Nf5 35. Rc3 Rc8 36. Rfc1 Qe4 37. Rxc6 Rxc6 38. Rxc6
Qe1+ 39. Kh2 Qxf2 40. Rc7+ Rxc7 41. bxc7 Ne7 42. c8=Q Nxc8 43. Qb7+ Kh6 44.
Qxc8 Qh4+ 45. Qh3 Qe4 46. Qg3 g5 47. Qc3 h4 48. Qc6+ Kh5 49. Qf6 Kg4 50.
Qe6+ Kh5 51. Qf7+ Kg4 52. Qf2 Qd3 53. Qf3+ Qxf3 54. gxf3+ Kxf3 55. Kh3 Ke4
56. Bf6 Kf5 57. Be5 Ke4 58. Kg4 Ke3 { Game drawn by mutual agreement }
1/2-1/2

[Event "ICC tourney 2182 (40 10)"]
[Site "Internet Chess Club"]
[Date "2020.12.06"]
[Round "2"]
[White "vyomvidy"]
[Black "runtilmorrow1"]
[Result "1-0"]
[ICCResult "Black checkmated"]
[WhiteElo "2337"]
[BlackElo "1964"]
[Opening "Dunst (Sleipner, Heinrichsen) opening"]
[ECO "A00"]
[NIC "VO.15"]
[Time "13:16:42"]
[PlyCount "133"]
[TimeControl "2400+10"]


1. Nc3 c5 2. Nf3 Nc6 3. d4 cxd4 4. Nxd4 g6 5. g3 Bg7 6. Nxc6 bxc6 7. Bg2
Rb8 8. O-O Nf6 9. b3 O-O 10. Bb2 Qc7 11. e4 c5 12. f4 d6 13. Re1 c4 14. h3
Bb7 15. Kh2 Ba8 16. e5 dxe5 17. fxe5 Nh5 18. Bxa8 Rxa8 19. Nd5 Qb7 20. Qf3
Kh8 21. Kg2 Rac8 22. Ne3 Qxf3+ 23. Kxf3 c3 24. Ba3 Bxe5 25. g4 Nf4 26. Ng2
Nxg2 27. Rxe5 Nh4+ 28. Kg3 f6 29. Re6 g5 30. Bxe7 Rf7 31. Bxf6+ Kg8 32.
Rae1 h6 33. Re8+ Rxe8 34. Rxe8+ Kh7 35. Re7 Rxe7 36. Bxe7 Ng6 37. Bd6 Kg7
38. Kf3 Kf6 39. Ke4 Ke6 40. Bb8 a6 41. a4 Ne7 42. Be5 Ng6 43. Bxc3 Nf4 44.
h4 Nd5 45. Be1 Nf6+ 46. Kf3 Kd5 47. hxg5 hxg5 48. Bd2 Ne4 49. Be3 Ke5 50.
b4 Nc3 51. a5 Nd5 52. b5 axb5 53. a6 Nc7 54. a7 Kd5 55. Bxg5 Kc4 56. Bd8
Na8 57. g5 Kc3 58. g6 Kxc2 59. g7 b4 60. g8=Q b3 61. Qc4+ Kb2 62. Ke3 Ka3
63. Be7+ Kb2 64. Bf6+ Ka3 65. Bc3 Nb6 66. a8=Q+ Nxa8 67. Qa6# { Black
checkmated } 1-0

[Event "ICC tourney 2182 (40 10)"]
[Site "Internet Chess Club"]
[Date "2020.12.06"]
[Round "2"]
[White "mhebden"]
[Black "Feugon"]
[Result "1/2-1/2"]
[ICCResult "Game drawn by mutual agreement"]
[WhiteElo "2503"]
[BlackElo "1982"]
[Opening "Queen's pawn"]
[ECO "A40"]
[NIC "QO.17"]
[Time "13:16:34"]
[PlyCount "122"]
[TimeControl "2400+10"]


1. d4 e6 2. Nf3 f5 3. g3 Nf6 4. Bg2 d5 5. O-O c6 6. c4 Bd6 7. Bf4 O-O 8.
Nc3 Bxf4 9. gxf4 Nbd7 10. e3 b6 11. Ne5 Nxe5 12. fxe5 Ne4 13. Rc1 Qh4 14.
Ne2 Bd7 15. f3 Ng5 16. Qe1 Qh6 17. Qg3 Nf7 18. f4 Kh8 19. h4 Rg8 20. Kf2 g6
21. Rh1 Qf8 22. a3 Qe7 23. Ng1 a5 24. Nf3 Rac8 25. Ng5 h6 26. Nxf7+ Qxf7
27. Bf3 Kh7 28. Rhg1 b5 29. cxd5 cxd5 30. Be2 Rxc1 31. Rxc1 Rc8 32. Rxc8
Bxc8 33. h5 gxh5 34. Qh4 b4 35. axb4 axb4 36. Bxh5 Qf8 37. Qf6 Qxf6 38.
exf6 Kg8 39. Kg3 Ba6 40. Kh4 Kf8 41. Kg3 Bb5 42. Kh4 Ba6 43. Bg6 Be2 44.
Kg3 Bb5 45. f7 Ba6 46. Kf2 Bb5 47. Ke1 Bc6 48. Kd2 Bb5 49. Bh5 Kg7 50. Kc2
Ba4+ 51. Kd2 Bb5 52. Ke1 Kf8 53. Kf2 Kg7 54. Kg3 Kf8 55. Kh4 Ba6 56. Bg6
Be2 57. Kg3 Bb5 58. Kf2 Kg7 59. Ke1 Kf8 60. Kd2 Kg7 61. Bh5 Kf8 { Game
drawn by mutual agreement } 1/2-1/2

[Event "ICC tourney 2182 (40 10)"]
[Site "Internet Chess Club"]
[Date "2020.12.06"]
[Round "2"]
[White "che2468"]
[Black "arconsul2"]
[Result "0-1"]
[ICCResult "White checkmated"]
[WhiteElo "1464"]
[BlackElo "1758"]
[Opening "Queen's pawn: Chigorin variation"]
[ECO "D00"]
[NIC "QP.08"]
[Time "13:17:10"]
[PlyCount "88"]
[TimeControl "2400+10"]


1. d4 d5 2. Nc3 e6 3. Bf4 Nf6 4. e3 c5 5. Nf3 cxd4 6. exd4 Bd6 7. Ne5 Nc6
8. Be2 a6 9. O-O Qc7 10. Nxc6 Bxf4 11. Nb4 Bxh2+ 12. Kh1 Bd6 13. Nd3 Ne4
14. Qe1 Bd7 15. Bf3 Nxc3 16. bxc3 Rc8 17. Bxd5 O-O 18. Be4 Bc6 19. Ne5 Bxe4
20. Qxe4 Bxe5 21. dxe5 b5 22. Rae1 Qxc3 23. Re3 Qxc2 24. Qh4 Qc4 25. Qxc4
Rxc4 26. Rh3 Rd8 27. Ra3 Rc6 28. f4 g6 29. Ra5 Rd2 30. a4 b4 31. Rb1 Rd4
32. g3 Rd2 33. Kg1 b3 34. Kf1 b2 35. Ke1 Rh2 36. Rd1 Rh1+ 37. Kd2 Rxd1+ 38.
Kxd1 b1=Q+ 39. Kd2 Qb4+ 40. Ke2 Rc2+ 41. Kf3 Qc3+ 42. Kg4 Qd3 43. Kh3 Qf5+
44. Kh4 Rh2# { White checkmated } 0-1

[Event "ICC tourney 2182 (40 10)"]
[Site "Internet Chess Club"]
[Date "2020.12.06"]
[Round "2"]
[White "mchessmaster"]
[Black "marble"]
[Result "0-1"]
[ICCResult "White resigns"]
[WhiteElo "1976"]
[BlackElo "2537"]
[Opening "Pirc: classical system, 5.Be2"]
[ECO "B06"]
[NIC "PU.03"]
[Time "13:16:48"]
[PlyCount "94"]
[TimeControl "2400+10"]


1. e4 g6 2. d4 Bg7 3. Nf3 d6 4. Be2 Nf6 5. Nc3 O-O 6. O-O b6 7. Bg5 h6 8.
Bh4 g5 9. Bg3 Nh5 10. Qd2 Nxg3 11. hxg3 e6 12. Rad1 Nd7 13. Bb5 Bb7 14.
Rfe1 a6 15. Bxd7 Qxd7 16. d5 Rae8 17. a3 Re7 18. e5 Rfe8 19. exd6 Qxd6 20.
dxe6 Rxe6 21. Rxe6 Rxe6 22. Qxd6 Rxd6 23. Rxd6 cxd6 24. Nd2 b5 25. Kf1 f5
26. f3 Kf7 27. Ke2 Ke6 28. Kd3 Be5 29. Nf1 h5 30. b3 g4 31. f4 Bg7 32. Ne3
Bf6 33. Ne2 Be4+ 34. Kd2 Bb2 35. a4 b4 36. c4 bxc3+ 37. Nxc3 d5 38. Nxe4
fxe4 39. Nd1 Ba3 40. Kc3 a5 41. Kd4 Kd6 42. Kc3 Kc5 43. Nf2 d4+ 44. Kc2 d3+
45. Kd1 Kd4 46. f5 e3 47. Nxd3 Kxd3 { White resigns } 0-1

[Event "ICC tourney 2182 (40 10)"]
[Site "Internet Chess Club"]
[Date "2020.12.06"]
[Round "2"]
[White "e4f5"]
[Black "goodcrowdchess"]
[Result "1-0"]
[ICCResult "Black checkmated"]
[WhiteElo "2253"]
[BlackElo "1691"]
[Opening "Ruy Lopez: Anderssen variation"]
[ECO "C77"]
[NIC "RL.12"]
[Time "13:16:40"]
[PlyCount "141"]
[TimeControl "2400+10"]


1. e4 e5 2. Nf3 Nc6 3. Bb5 a6 4. Ba4 Nf6 5. d3 b5 6. Bb3 Be7 7. O-O d6 8.
c3 O-O 9. Nbd2 Na5 10. Bc2 c5 11. Re1 Qc7 12. Nf1 Bd7 13. Bg5 Nc6 14. Ne3
Be6 15. Bb3 h6 16. Bxf6 Bxf6 17. Nd2 Rae8 18. a4 Qb7 19. Nd5 Bd8 20. Nf1 f5
21. axb5 axb5 22. exf5 Rxf5 23. Nde3 Rf6 24. Ng3 Bc7 25. Ne4 Rf7 26. Bxe6
Rxe6 27. Qg4 Nd8 28. b3 Kh7 29. g3 Rg6 30. Qh3 Ne6 31. Qg2 Kh8 32. Nd2
Qxg2+ 33. Nxg2 Ng5 34. Nh4 Rgf6 35. f4 exf4 36. Re8+ Rf8 37. Rxf8+ Rxf8 38.
Ng6+ Kg8 39. Nxf8 Kxf8 40. Ra7 Bd8 41. Rb7 Ba5 42. b4 cxb4 43. Nb3 Bd8 44.
cxb4 fxg3 45. hxg3 Nf3+ 46. Kf2 Ne5 47. Ke3 Bg5+ 48. Ke4 Nc6 49. Rxb5 Be7
50. Kd5 Ne5 51. d4 Nd3 52. Ke6 g5 53. Rb8+ Kg7 54. Kxe7 h5 55. Nd2 h4 56.
gxh4 gxh4 57. Nf3 h3 58. b5 Ne1 59. Nh2 Nc2 60. Kxd6 Nxd4 61. b6 Kg6 62. b7
Kg5 63. Rg8+ Kf4 64. Rg4+ Ke3 65. Rxd4 Kxd4 66. b8=Q Ke3 67. Ke5 Kf2 68.
Kf4 Kg2 69. Qb2+ Kh1 70. Nf3 h2 71. Qxh2# { Black checkmated } 1-0

[Event "ICC tourney 2182 (40 10)"]
[Site "Internet Chess Club"]
[Date "2020.12.06"]
[Round "2"]
[White "saiabhi29"]
[Black "xcelswimmer"]
[Result "0-1"]
[ICCResult "White resigns"]
[WhiteElo "2078"]
[BlackElo "1920"]
[Opening "Queen's pawn, Mason variation"]
[ECO "D00"]
[NIC "QP.08"]
[Time "13:16:45"]
[PlyCount "100"]
[TimeControl "2400+10"]


1. d4 d5 2. Bf4 Nf6 3. e3 c5 4. c3 Nc6 5. Nd2 cxd4 6. exd4 Bf5 7. Ngf3 e6
8. Bb5 Bd6 9. Ne5 Qc7 10. Qe2 O-O 11. O-O a6 12. Bxc6 bxc6 13. c4 Nd7 14.
Ndf3 Nxe5 15. Nxe5 dxc4 16. Bg3 c5 17. Qxc4 Rfd8 18. Rac1 Qb7 19. dxc5 Bxe5
20. Bxe5 Bd3 21. c6 Qe7 22. Qg4 f6 23. c7 Rdc8 24. Qd4 Bxf1 25. Bd6 Qd7 26.
Kxf1 a5 27. Qc5 Ra6 28. Be7 Kf7 29. Bd8 Rd6 30. Qh5+ Kg8 31. Kg1 Rd5 32.
Qe2 Rd2 33. Qe1 a4 34. Rb1 e5 35. h3 Qd5 36. Qe3 Qxa2 37. Qxd2 Qxb1+ 38.
Kh2 Qf5 39. Qd5+ Kh8 40. Qf7 h6 41. Qe8+ Kh7 42. Qxa4 Qxf2 43. Qe4+ Kh8 44.
Qg4 f5 45. Qg6 e4 46. Qe8+ Kh7 47. Qe6 Qf4+ 48. Kg1 Ra8 49. g4 Ra1+ 50. Kg2
Qf3+ { White resigns } 0-1

[Event "ICC tourney 2182 (40 10)"]
[Site "Internet Chess Club"]
[Date "2020.12.06"]
[Round "2"]
[White "Bearbarion"]
[Black "abi2009"]
[Result "1-0"]
[ICCResult "Black resigns"]
[WhiteElo "1921"]
[BlackElo "1712"]
[Opening "QGD: exchange, positional line"]
[ECO "D35"]
[NIC "QO.16"]
[Time "13:16:58"]
[PlyCount "153"]
[TimeControl "2400+10"]


1. d4 d5 2. c4 e6 3. Nc3 Nf6 4. cxd5 exd5 5. Bg5 Be7 6. e3 O-O 7. Bd3 Be6
8. Nge2 Nbd7 9. O-O h6 10. Bh4 c5 11. dxc5 Nxc5 12. Nd4 Qb6 13. Rb1 Rac8
14. Nf5 Qd8 15. Nxe7+ Qxe7 16. Bc2 Rfd8 17. Nb5 a6 18. Nd4 g5 19. Bg3 Nfe4
20. Qh5 Kg7 21. Be5+ f6 22. Bg3 Qd7 23. Nxe6+ Nxe6 24. Bd3 Qf7 25. Qe2 N6c5
26. Bc2 Nxg3 27. fxg3 Ne4 28. Rbd1 Qc7 29. Bb3 Qe5 30. g4 Rc5 31. Rf5 Qe6
32. Qd3 Qb6 33. h3 Rd6 34. Qd4 Ng3 35. Rf2 Ne4 36. Rf3 Qc6 37. Rdf1 Rc1 38.
Rxc1 Qxc1+ 39. Rf1 Qd2 40. Rf5 Qe1+ 41. Rf1 Qd2 42. Qxd2 Nxd2 43. Rd1 Nxb3
44. axb3 Rb6 45. Rd3 Kf7 46. Kf2 Ke6 47. Kf3 Ke5 48. g3 Rb4 49. h4 a5 50.
Rc3 b5 51. h5 a4 52. bxa4 bxa4 53. Rc2 Rb3 54. Rd2 Rb4 55. Rc2 Rc4 56. Rd2
d4 57. exd4+ Rxd4 58. Re2+ Kd5 59. Re3 Rb4 60. Rd3+ Kc4 61. Rc3+ Kd4 62.
Rc2 Rb3+ 63. Kg2 Kd3 64. Rf2 Rb4 65. Kh3 Rb6 66. Kg2 Rc6 67. Kh3 Ke3 68.
Rf5 Rb6 69. Ra5 Rb4 70. Ra6 Kd2 71. Rxf6 Rxb2 72. Rxh6 a3 73. Ra6 a2 74. h6
Ke3 75. h7 Rb1 76. Rxa2 Rh1+ 77. Rh2 { Black resigns } 1-0

[Event "ICC tourney 2182 (40 10)"]
[Site "Internet Chess Club"]
[Date "2020.12.06"]
[Round "2"]
[White "KylanHuang"]
[Black "RockoSweat"]
[Result "1/2-1/2"]
[ICCResult "Game drawn because neither player has mating material"]
[WhiteElo "1904"]
[BlackElo "1644"]
[Opening "Scotch game"]
[ECO "C45"]
[NIC "SO.04"]
[Time "13:16:35"]
[PlyCount "147"]
[TimeControl "2400+10"]


1. e4 e5 2. Nf3 Nc6 3. d4 exd4 4. Nxd4 Nxd4 5. Qxd4 Qf6 6. e5 Qb6 7. Qxb6
axb6 8. Nc3 Bb4 9. Bd2 Ne7 10. f4 d5 11. Bd3 c6 12. O-O Bf5 13. a3 Bc5+ 14.
Kh1 b5 15. b3 Rxa3 16. Rxa3 Bxa3 17. Ra1 b4 18. Nb1 Bxd3 19. cxd3 Kd7 20.
Nxa3 bxa3 21. Rxa3 Nf5 22. Kg1 Nd4 23. Kf2 Nb5 24. Ra4 Ke6 25. Kf3 h5 26.
Be1 f6 27. exf6 Kxf6 28. Bh4+ Kf7 29. Bf2 Re8 30. Bc5 g6 31. h3 Rh8 32. Ra1
Re8 33. g4 hxg4+ 34. Kxg4 Kf6 35. h4 Re2 36. Rd1 Rh2 37. b4 Rg2+ 38. Kf3
Rb2 39. Re1 Rb3 40. Rd1 Nc7 41. Kg4 Na6 42. d4 Nxb4 43. Re1 Nd3 44. Be7+
Kf7 45. Re2 Rb1 46. Bd6 Rg1+ 47. Kf3 Rf1+ 48. Kg3 Re1 49. Rd2 Re3+ 50. Kg2
Re6 51. Ba3 Nxf4+ 52. Kg3 Re3+ 53. Kxf4 Rxa3 54. Rb2 Ra7 55. Kg5 b5 56.
Rf2+ Kg7 57. Rf6 Rc7 58. Rxg6+ Kh8 59. Re6 c5 60. dxc5 Rxc5 61. Kg6 Rc8 62.
Rd6 Rg8+ 63. Kh6 Rb8 64. Rxd5 b4 65. Rd1 b3 66. Rb1 b2 67. h5 Rb6+ 68. Kg5
Kh7 69. Kf4 Kh6 70. Ke3 Kxh5 71. Kd3 Kg5 72. Kc3 Kf4 73. Rxb2 Rxb2 74. Kxb2
{ Game drawn because neither player has mating material } 1/2-1/2

[Event "ICC tourney 2182 (40 10)"]
[Site "Internet Chess Club"]
[Date "2020.12.06"]
[Round "2"]
[White "KnightHopper"]
[Black "icommai"]
[Result "0-1"]
[ICCResult "White resigns"]
[WhiteElo "2039"]
[BlackElo "1852"]
[Opening "Caro-Kann: Steinitz variation"]
[ECO "B17"]
[NIC "CK.05"]
[Time "13:17:28"]
[PlyCount "120"]
[TimeControl "2400+10"]


1. e4 c6 2. d4 d5 3. Nc3 dxe4 4. Nxe4 Nd7 5. Ng5 Ngf6 6. Bc4 e6 7. Qe2 Nb6
8. Bb3 h6 9. N5f3 c5 10. Be3 cxd4 11. O-O-O Bd7 12. Bxd4 Be7 13. Ne5 Qc7
14. Ngf3 O-O 15. Kb1 Ba4 16. g4 Bxb3 17. cxb3 Rac8 18. h4 Nfd5 19. g5 h5
20. g6 f6 21. Bxb6 axb6 22. Nd3 Nf4 23. Nxf4 Qxf4 24. Qxe6+ Kh8 25. Qd5 Rc5
26. Qxb7 Qf5+ 27. Ka1 Ra5 28. Qxe7 Rxa2+ 29. Kxa2 Ra8+ 30. Qa3 Qxf3 31. Kb1
Qe4+ 32. Ka2 Rxa3+ 33. Kxa3 Qa8+ 34. Kb4 Qa5+ 35. Kc4 Qc5+ 36. Kd3 Qf5+ 37.
Kc3 Qc5+ 38. Kd3 Qxf2 39. Kc4 Qc5+ 40. Kd3 Qf5+ 41. Kc3 Qxg6 42. Rd3 Qg2
43. Re1 Qg4 44. Re8+ Kh7 45. Rb8 Qxh4 46. Rxb6 Qe1+ 47. Kc4 h4 48. b4 Qf1
49. Re6 g5 50. b5 h3 51. b6 h2 52. b7 Qf4+ 53. Rd4 Qc7+ 54. Kd3 Qxb7 55.
Red6 Kg6 56. Rd8 Qf3+ 57. Kc4 h1=Q 58. Rg8+ Kf5 59. b4 Qc6+ 60. Kd3 Qd1+ {
White resigns } 0-1

[Event "ICC tourney 2182 (40 10)"]
[Site "Internet Chess Club"]
[Date "2020.12.06"]
[Round "2"]
[White "HarleyQueen8"]
[Black "musk6868"]
[Result "1-0"]
[ICCResult "Black resigns"]
[WhiteElo "1867"]
[BlackElo "2066"]
[Opening "Nimzo-Indian: classical, Milner-Barry (Zurich) variation"]
[ECO "E33"]
[NIC "NI.24"]
[Time "13:16:36"]
[PlyCount "117"]
[TimeControl "2400+10"]


1. d4 Nf6 2. c4 e6 3. Nc3 Bb4 4. Qc2 Nc6 5. Nf3 d6 6. Bg5 h6 7. Bh4 Qe7 8.
e4 g5 9. e5 gxh4 10. exf6 Qxf6 11. a3 Bxc3+ 12. Qxc3 Bd7 13. O-O-O O-O-O
14. Qe3 Kb8 15. h3 Rhg8 16. Qe4 Rde8 17. Qxh4 Qxh4 18. Nxh4 e5 19. d5 Nd4
20. Bd3 b6 21. Bc2 Ne2+ 22. Kd2 Nd4 23. Kc1 Rg5 24. Rde1 Rh5 25. g3 Rg8 26.
Re3 f5 27. Bd1 Rhg5 28. Nf3 Nxf3 29. Rxf3 c6 30. Re1 cxd5 31. cxd5 Rc8+ 32.
Rc3 Rc5 33. Rxc5 bxc5 34. Kd2 Kc7 35. Kc3 Rg8 36. Be2 f4 37. g4 Kd8 38. Bd3
Ke7 39. Rg1 Kf6 40. f3 Kg5 41. Bf1 Kh4 42. b3 Bc8 43. Be2 Bb7 44. Bc4 Rg6
45. Kd2 Kxh3 46. Ke2 Kh4 47. Bd3 Rf6 48. Kf2 Rf8 49. Rh1+ Kg5 50. Rh5+ Kf6
51. Rxh6+ Ke7 52. Re6+ Kd7 53. Bb5+ Kc7 54. Re7+ Kb6 55. Bc4 Rf6 56. Re6
Rf7 57. Rxd6+ Kc7 58. Rh6 Bc8 59. d6+ { Black resigns } 1-0